 Dungeon Crawl Stone Soup version 0.20-a0-923-g548304e (webtiles) character file.

42917 eleusis2 the Tainter (level 14, -6/120 HPs)
             Began as a Naga Venom Mage on Mar 25, 2017.
             Was the Champion of Cheibriados.
             Killed from afar by Asterion (70 damage)
             ... with an iron shot
             ... on level 1 of the Elven Halls on Mar 26, 2017.
             The game lasted 04:15:42 (16210 turns).

eleusis2 the Tainter (Naga Venom Mage)             Turns: 16210, Time: 04:15:42

Health: -6/120     AC: 16    Str: 25    XL:     14   Next: 21%
Magic:  8/26       EV: 11    Int: 35    God:    Cheibriados [******]
Gold:   1630       SH: 10    Dex: 28    Spells: 4/30 levels left

rFire    + . .     SeeInvis +   a - +0 dagger (elec)
rCold    + + .     Gourm    .   x - +2 buckler {AC+3}
rNeg     . . .     Faith    .   h - +2 robe {rC+ rF+}
rPois    +         Spirit   .   m - +1 helmet
rElec    .         Reflect  .   K - +2 cloak {+Inv}
rCorr    .         Harm     .   O - +0 pair of gloves
MR       +....                  (no barding)
Stlth    ++++++....             (no amulet)
Regen    0.3/turn               w - ring of protection from cold
MPRegen  0.2/turn               W - +3 ring of slaying

@: very slow
A: see invisible, deformed body, poison resistance, slowness 2, slow metabolism
1, spit poison 1, constrict 1, AC +4
a: Spit Poison, Bend Time, Temporal Distortion, Slouch, Step From Time, Renounce
Religion, Evoke Invisibility


You were on level 1 of the Elven Halls.
You worshipped Cheibriados.
Cheibriados was exalted by your worship.
You were not hungry.

You visited 5 branches of the dungeon, and saw 17 of its levels.
You also visited: Sewer and Ice Cave.

You collected 1657 gold pieces.
You spent 27 gold pieces at shops.

Inventory:

Hand Weapons
 a - a +0 dagger of electrocution (weapon)
 b - a +1 shortbow of flaming
 L - a +2 halberd of freezing
 T - a +3 great sword of freezing
Missiles
 D - 204 arrows
 F - 11 tomahawks (quivered)
Armour
 h - a +2 robe of resistance (worn)
 m - a +1 helmet (worn)
 o - a +0 shield
 q - a +0 robe of positive energy
 x - a +2 buckler of protection (worn)
 E - the +1 ring mail of the Spider Nest {Str+4 Slay+2}
   (You found it on level 7 of the Dungeon)

   It affects your strength (+4).
   It affects your accuracy and damage with ranged weapons and melee attacks
   (+2).
 K - a +2 cloak of invisibility (worn)
 O - a +0 pair of gloves (worn)
 Q - a scarf of cold resistance
 Y - a +0 robe of cold resistance
 Z - a +3 leather armour
Jewellery
 w - a ring of protection from cold (left hand)
 W - a +3 ring of slaying (right hand)
Wands
 y - a wand of flame (24/48)
 H - a wand of lightning (5/15)
 I - a wand of lightning (4/15)
 M - a wand of confusion (37/48)
 N - a wand of iceblast (1/15)
 X - a wand of lightning (6/15)
Scrolls
 f - 2 scrolls of remove curse
 i - 7 scrolls of identify
 l - 5 scrolls of enchant weapon
 u - 7 scrolls of teleportation
 C - a scroll of enchant armour
 P - 4 scrolls of recharging
Potions
 d - a potion of mutation
 e - 6 potions of heal wounds
 g - 3 potions of flight
 k - 8 potions of curing
 p - 3 potions of might
 v - 7 potions of haste
 A - a potion of agility
 B - a potion of magic
 R - a potion of brilliance
 V - a potion of cancellation
Books
 r - a book of Minor Magic

   Spells                             Type                      Level
   a - Magic Dart                     Conjuration                  1
   b - Blink                          Translocation                2
   c - Call Imp                       Summoning                    2
   d - Slow                           Hexes                        2
   e - Conjure Flame                  Conjuration/Fire             3
   f - Mephitic Cloud                 Conjuration/Poison/Air       3
 s - Ziasabes's Catalogue of Assistive Malediction
   (You found it on level 12 of the Dungeon)

   Spells                             Type                      Level
   a - Regeneration                   Charms/Necromancy            3
   b - Tukima's Dance                 Hexes                        3
   c - Metabolic Englaciation         Hexes/Ice                    5
   d - Silence                        Hexes/Air                    5
 t - a book of Conjurations

   Spells                             Type                      Level
   a - Magic Dart                     Conjuration                  1
   b - Searing Ray                    Conjuration                  2
   c - Dazzling Spray                 Conjuration/Hexes            3
   d - Fulminant Prism                Conjuration/Hexes            4
   e - Force Lance                    Conjuration/Translocation    4
   f - Iskenderun's Mystic Blast      Conjuration                  4
 S - a book of Enchantments

   Spells                             Type                      Level
   a - Cause Fear                     Hexes                        4
   b - Yara's Violent Unravelling     Hexes/Transmutation          5
   c - Silence                        Hexes/Air                    5
   d - Deflect Missiles               Charms/Air                   6
   e - Discord                        Hexes                        8
Miscellaneous
 U - a lamp of fire
Comestibles
 c - 9 bread rations
 j - 11 meat rations
 n - 3 chunks of flesh
 z - 11 royal jellies
 G - 16 fruits


   Skills:
 - Level 6.0 Fighting
 + Level 9.8 Short Blades
 - Level 2.1 Dodging
 + Level 11.3 Stealth
 + Level 7.6 Shields
 + Level 8.5 Spellcasting
 - Level 10.0 Conjurations
 - Level 0.2 Hexes
 - Level 3.0 Translocations
 - Level 12.0 Poison Magic
 * Level 9.1 Invocations
 - Level 0.6 Evocations


You had 4 spell levels left.
You knew the following spells:

 Your Spells              Type           Power        Failure   Level  Hunger
a - Sting                 Conj/Pois      ####         1%          1    None
b - Poisonous Vapours     Pois/Air       ######       1%          2    None
c - Mephitic Cloud        Conj/Pois/Air  ######..     1%          3    None
d - Olgreb's Toxic Radia  Pois           #######.     1%          4    None
e - Venom Bolt            Conj/Pois      #######...   1%          5    ###....
f - Dazzling Spray        Conj/Hex       ######       1%          3    None
g - Searing Ray           Conj           ######       1%          2    None
h - Fulminant Prism       Conj/Hex       ######....   4%          4    None
i - Blink                 Tloc           N/A          1%          2    None


Dungeon Overview and Level Annotations

Branches:
Dungeon (12/15)            Temple (1/1) D:6            Lair (1/6) D:10
    Orc (2/2) D:12            Elf (1/3) Orc:2

Altars:
Ashenzari
Cheibriados
Dithmenos
Elyvilon
Gozag
Hepliaklqana
Kikubaaqudgha
Makhleb
Nemelex Xobeh
Qazlal
Ru
Sif Muna
Trog
Uskayaw
Wu Jian
Xom
Yredelemnul
Zin
The Shining One
Beogh

Shops:
D:5 (   D:6 }   D:9 }%   D:12 (   Orc:2 (*%%

Annotations:
D:3 Grinder
D:5 Prince Ribbit; dvd's ghost, novice DrTm
Elf:1 Asterion


Innate Abilities, Weirdness & Mutations

You cannot wear boots.
Your serpentine skin is tough. (AC +4)
You have supernaturally acute eyesight. (SInv)
Armour fits poorly on your strangely shaped body.
Your system is resistant to poisons. (rPois)
You cover ground very slowly.
You have a slow metabolism.
You can spit poison.
You can use your snake-like lower body to constrict enemies.


Message History

The deep elf archer shoots an arrow.
The arrow hits you! The arrow burns you.
The deep elf mage casts a spell.
The deep elf mage blinks!
Asterion prays to Makhleb.
Asterion seems to speed up.
Asterion prays to Makhleb.
You see here 2 arrows.
Unknown command.
You block the deep elf mage's attack.
The deep elf archer blinks!
Casting: Olgreb's Toxic Radiance
Confirm with . or Enter, or press ? or * to list all spells.
You blink.
The deep elf mage mumbles some strange words.
The deep elf mage blinks!
You kill the deep elf mage!
Cheibriados appreciates the change of pace.
Asterion conjures a destructive force in the name of Makhleb!
The iron shot hits you!
Ouch! That really hurt!
You die...

#..........##
###.........## #
#...........# .#
##.).......# e.#
#.#.......## ..#
#.###......#
####..##H.
##.#.#....##
#.§).§.)..
..#.#.)..#####
#(##§e...#
..#####.....@.####§.#
.##.# ...
#...).....§H..# e# ##
#.......####### ..
#.......## ..
..........# .
...>.......#
#..........(#
##.........##
....>...#


You could see Asterion.

Vanquished Creatures
  Erolcha (Orc:2)
  A hydra (D:10)
  A rakshasa (D:12)
  5 two-headed ogres
  2 orc high priests (Orc:2)
  A deep elf knight (Elf:1)
  A deep elf archer (Elf:1)
  An orc knight (Orc:2)
  A necromancer (IceCv)
  9 deep elf magi (Elf:1)
  3 ugly things
  A manticore (D:11)
  A cyclops (D:11)
  5 orc sorcerers (Orc:2)
  Maurice (D:8)
  2 ice statues (IceCv)
  2 spiny frogs (Lair:1)
  A gargoyle (D:11)
  Psyche (D:11)
  A kobold demonologist (D:12)
  A komodo dragon (D:10)
  A rime drake (Lair:1)
  9 ice devils
  5 trolls
  A queen bee (D:8)
  5 blink frogs (Lair:1)
  A hornet (D:11)
  2 dream sheep (D:10)
  Sigmund (D:5)
  4 hippogriffs
  A basilisk (Lair:1)
  2 wyverns
  A water elemental (Orc:2)
  30 yaks
  A hungry ghost (D:11)
  Menkaure (D:4)
  Edmund (D:6)
  A warg (Orc:2)
  A soldier ant (D:12)
  3 water moccasins (Lair:1)
  Duvessa (D:4)
  30 orc warriors
  3 sky beasts
  A black bear (D:11)
  6 ice beasts
  20 ogres
  2 necrophages
  A hornet zombie (D:12)
  7 centaurs
  A crocodile (Lair:1)
  8 big kobolds
  6 bullfrogs
  A wyvern skeleton (D:10)
  Dowan (D:4)
  6 scorpions
  11 killer bees (D:8)
  17 wights
  4 howler monkeys
  2 crimson imps (D:9)
  3 hounds
  2 draconian simulacra (IceCv)
  4 jellies
  2 quasits
  28 orc priests
  27 orc wizards
  5 bullfrog skeletons
  6 iguanas
  12 worker ants
  4 troll simulacra (IceCv)
  A spriggan simulacrum (IceCv)
  3 hound zombies
  Robin (D:4)
  A howler monkey zombie (D:7)
  5 gnolls
  2 naga simulacra (IceCv)
  11 adders
  An ogre simulacrum (IceCv)
  A shadow imp (D:5)
  4 oozes
  An adder zombie (D:5)
  4 worms
  2 dart slugs
  10 leopard geckos
  72 orcs
  5 ball pythons
  10 bats
  8 giant cockroaches
  18 goblins
  8 hobgoblins
  19 jackals
  5 quokkas
  6 frilled lizards
  A giant cockroach zombie (D:6)
  A goblin skeleton (D:5)
  2 goblin zombies (D:5)
  A hobgoblin zombie (D:5)
  19 kobolds
  An orc skeleton (D:5)
  An orc zombie (D:5)
  A quokka skeleton (D:8)
  12 rats
571 creatures vanquished.

Vanquished Creatures (others)
  A deep elf knight (Elf:1)
  10 fulminant prisms
  16 plants (D:8)
27 creatures vanquished.

Grand Total: 598 creatures vanquished

Notes
Turn   | Place    | Note
-------+----------+-------------------------------------------
     0 | D:1      | eleusis2 the Naga Venom Mage began the quest for the Orb.
     0 | D:1      | Reached XP level 1. HP: 15/15 MP: 3/3
   198 | D:1      | Reached XP level 2. HP: 12/22 MP: 0/5
   206 | D:1      | Learned a level 2 spell: Poisonous Vapours
   345 | D:1      | Reached skill level 5 in Poison Magic
   371 | D:1      | Reached XP level 3. HP: 24/28 MP: 1/6
   766 | D:2      | Found an ornate altar of the Wu Jian Council.
  1032 | D:2      | Reached XP level 4. HP: 28/36 MP: 7/7
  1061 | D:2      | Reached skill level 6 in Poison Magic
  1421 | D:2      | Learned a level 3 spell: Mephitic Cloud
  1513 | D:3      | Noticed Grinder
  1960 | D:3      | Reached XP level 5. HP: 42/42 MP: 4/8
  1996 | D:4      | Noticed Robin
  2009 | D:4      | Killed Robin
  2178 | D:4      | Noticed Menkaure
  2201 | D:4      | Killed Menkaure
  2201 | D:4      | Reached skill level 7 in Poison Magic
  2201 | D:4      | Reached XP level 6. HP: 26/49 MP: 9/9
  2228 | D:4      | Learned a level 4 spell: Olgreb's Toxic Radiance
  2543 | D:4      | Noticed Dowan
  2551 | D:4      | Killed Dowan
  2594 | D:4      | Noticed Duvessa
  2608 | D:4      | Killed Duvessa
  2608 | D:4      | Reached XP level 7. HP: 55/55 MP: 1/11
  2880 | D:5      | Entered Level 5 of the Dungeon
  2911 | D:5      | Found a glowing drain.
  2935 | D:5      | Noticed dvd's ghost (novice DrTm)
  2941 | D:5      | Found a glowing silver altar of Zin.
  2956 | D:5      | Reached skill level 8 in Poison Magic
  3036 | D:5      | Reached skill level 5 in Conjurations
  3043 | D:5      | Found Hoxt's Weapon Boutique.
  3061 | D:5      | Reached XP level 8. HP: 62/62 MP: 4/13
  3100 | D:5      | Learned a level 5 spell: Venom Bolt
  3145 | D:5      | Found a glowing golden altar of the Shining One.
  3176 | Sewer    | Entered a sewer
  3325 | Sewer    | Reached skill level 9 in Poison Magic
  3554 | D:5      | Found a stormy altar of Qazlal.
  3821 | D:6      | Reached skill level 5 in Spellcasting
  3828 | D:6      | Noticed Edmund
  4235 | D:5      | Noticed Sigmund
  4246 | D:5      | Killed Sigmund
  4253 | D:5      | Noticed Prince Ribbit
  4264 | D:6      | Found Lostroapn's Gadget Emporium.
  4301 | D:6      | Reached skill level 10 in Poison Magic
  4367 | D:6      | Killed Edmund
  4367 | D:6      | Reached XP level 9. HP: 68/68 MP: 9/18
  4592 | D:6      | Found a staircase to the Ecumenical Temple.
  4601 | Temple   | Entered the Ecumenical Temple
  4857 | D:6      | Found a shadowy altar of Dithmenos.
  5228 | D:6      | Found a shattered altar of Ashenzari.
  5265 | D:6      | Reached skill level 11 in Poison Magic
  5676 | D:7      | Got a dazzling ring mail
  5687 | D:7      | Identified the cursed +1 ring mail of the Spider Nest {Str+4 Slay+2} (You found it on level 7 of the Dungeon)
  5705 | D:7      | Upgraded the game from 0.20-a0-920-gb18bc0f to 0.20-a0-923-g548304e
  5787 | D:7      | Reached skill level 1 in Fighting
  5860 | D:7      | Found a burning altar of Makhleb.
  6024 | D:7      | Reached skill level 12 in Poison Magic
  6036 | D:7      | Reached skill level 1 in Short Blades
  6112 | D:8      | Reached XP level 10. HP: 84/84 MP: 2/19
  6120 | D:8      | Noticed a two-headed ogre
  6138 | D:8      | Killed a two-headed ogre
  6352 | D:8      | Learned a level 3 spell: Dazzling Spray
  6600 | D:8      | Reached skill level 5 in Stealth
  6814 | D:8      | Noticed Maurice
  6837 | D:8      | Killed Maurice
  6868 | D:8      | Found a snail-covered altar of Cheibriados.
  6876 | D:8      | Became a worshipper of Cheibriados the Contemplative
  7037 | D:7      | Learned a level 2 spell: Searing Ray
  7469 | D:8      | Noticed a two-headed ogre
  7477 | D:8      | Killed a two-headed ogre
  7477 | D:8      | Reached skill level 1 in Shields
  7477 | D:8      | Reached skill level 1 in Invocations
  7928 | D:8      | Reached * piety under Cheibriados
  7931 | D:8      | Reached XP level 11. HP: 92/93 MP: 12/20
  7933 | D:8      | Reached skill level 5 in Fighting
  8121 | D:9      | Found Pusiz's Gadget Shop.
  8122 | D:9      | Found Muzytzat's Food Shoppe.
  8232 | D:9      | Reached ** piety under Cheibriados
  8292 | D:9      | Noticed a skeletal warrior
  8411 | D:10     | Entered Level 10 of the Dungeon
  8478 | D:10     | Found a staircase to the Lair.
  8484 | Lair:1   | Entered Level 1 of the Lair of Beasts
  8601 | Lair:1   | Reached skill level 10 in Conjurations
  8749 | Lair:1   | Got a twisted cloak
  8760 | Lair:1   | Identified the -5 cloak of the Learner {+Inv MR+} (You found it on level 1 of the Lair of Beasts)
  9442 | Lair:1   | Reached *** piety under Cheibriados
 10162 | D:10     | Reached XP level 12. HP: 100/105 MP: 14/22
 10166 | D:10     | Reached **** piety under Cheibriados
 10228 | D:10     | Reached skill level 5 in Short Blades
 10243 | D:10     | Reached skill level 5 in Invocations
 10471 | D:10     | Noticed a two-headed hydra
 10476 | D:10     | Killed a two-headed hydra
 11488 | D:11     | Noticed Psyche
 11490 | D:11     | Killed Psyche
 11493 | D:11     | Noticed a two-headed ogre
 11508 | D:11     | Killed a two-headed ogre
 11508 | D:11     | Reached skill level 10 in Stealth
 12467 | D:12     | Noticed a two-headed ogre
 12469 | D:12     | Killed a two-headed ogre
 12469 | D:12     | Reached skill level 5 in Shields
 12486 | D:12     | Noticed a two-headed ogre
 12498 | D:12     | Killed a two-headed ogre
 12498 | D:12     | Gained mutation: You can use your snake-like lower body to constrict enemies. [Naga growth]
 12498 | D:12     | Reached XP level 13. HP: 65/111 MP: 10/25
 12532 | D:12     | Found Reluc's Weapon Shoppe.
 12532 | D:12     | Found a staircase to the Orcish Mines.
 12610 | D:12     | Found a frozen archway.
 12635 | D:12     | Learned a level 4 spell: Fulminant Prism
 12658 | IceCv    | Entered an ice cave
 12721 | IceCv    | Reached ***** piety under Cheibriados
 13473 | D:12     | Learned a level 2 spell: Blink
 13490 | D:12     | Noticed a rakshasa
 13515 | D:12     | Killed a rakshasa
 13519 | D:12     | Reached skill level 1 in Translocations
 13530 | D:12     | Identified Ziasabes's Catalogue of Assistive Malediction
 13836 | Orc:1    | Entered Level 1 of the Orcish Mines
 13986 | Orc:2    | Entered Level 2 of the Orcish Mines
 13986 | Orc:2    | Found a staircase to the Elven Halls.
 14112 | Orc:2    | Noticed Erolcha
 14120 | Orc:2    | Killed Erolcha
 14140 | Orc:1    | Reached ****** piety under Cheibriados
 15258 | Orc:2    | Found Keish's Antique Weapon Shop.
 15258 | Orc:2    | Found Zatah's Food Boutique.
 15258 | Orc:2    | Found Kaureczaqa's Assorted Antiques.
 15262 | Orc:2    | Found Astrask's Food Boutique.
 15276 | Orc:2    | Bought a viscous purple potion for 27 gold pieces
 15818 | Orc:1    | Found a roughly hewn altar of Beogh.
 16023 | Elf:1    | Entered Level 1 of the Elven Halls
 16025 | Elf:1    | Reached XP level 14. HP: 120/120 MP: 26/26
 16206 | Elf:1    | Noticed Asterion
 16210 | Elf:1    | Killed from afar by Asterion

Vault maps used:
D:1:      mrwooster_arrival_statue_3
D:2:      nicolae_overflow_crystal_walls, minmay_randomly_rotated_circles
D:3:      first_bread, uniq_grinder
D:4:      minmay_opposing_rooms, uniq_robin, uniq_duvessa, uniq_menkaure
D:5:      lemuel_doored_altar, nicolae_tso_besieged_by_evil, old_standard_altar,
          kennysheep_little_box, gup_sewer_entry_pipe, serial_shops, shop,
          uniq_prince_ribbit1, uniq_sigmund
D:6:      kennysheep_mini, grunt_dithmenos_smoke, minmay_temple_entry_glass,
          serial_shops, shop, uniq_edmund
D:7:      lemuel_crystal_altar
D:8:      old_standard_altar, nicolae_looking_at_the_future, uniq_maurice
D:9:      marbit_many_paths, vehumet_crystals, serial_shops, shop, shop
D:10:     lair_entry_dummy, hangedman_ranch
D:11:     uniq_psyche
D:12:     orc_david_3, portal_ice_cave_demonic_guard
Temple:   minmay_temple_curvy_loop
Lair:1:   serial_bayou_shore_b
Orc:1:    basic_altar
Orc:2:    st_orc_mages, uniq_erolcha
Elf:1:    minmay_elf_crystal_pentagon, serial_shops, shop, orc_legates,
          grunt_ministairs_10, uniq_roxanne, uniq_asterion
Sewer:    kennysheep_pipe_town
IceCv:    ice_cave_tombish

Skill      XL: |  1  2  3  4  5  6  7  8  9 10 11 12 13 14 |
---------------+-------------------------------------------+-----
Poison Magic   | 5 6 7 8 10 12 | 12.0
Conjurations   | 2 3 4 5 6 7 9 10 | 10.0
Spellcasting   | 3 6 7 8 |  8.5
Fighting       | 3 4 6 |  6.0
Short Blades   | 1 3 4 7 9 |  9.8
Stealth        | 4 5 8 10 11 | 11.3
Dodging        | 2 |  2.1
Shields        | 1 3 5 7 |  7.6
Invocations    | 2 4 7 8 9 |  9.1
Translocations | 3 |  3.0
Hexes          | |  0.2
Evocations     | |  0.6

Action                   |  1- 3 |  4- 6 |  7- 9 | 10-12 | 13-15 || total
-------------------------+-------+-------+-------+-------+-------++-------
Melee: Unarmed           |    10 |       |       |       |       ||    10
       Dagger            |    10 |    18 |   218 |   344 |   232 ||   822
       Mace              |    29 |    43 |       |       |       ||    72
       Short sword       |     3 |       |       |       |       ||     3
       Constrict         |       |       |       |       |    55 ||    55
 Cast: Sting             |    45 |    19 |    30 |     5 |     9 ||   108
       Poisonous Vapours |     2 |     7 |    11 |     6 |     2 ||    28
       Mephitic Cloud    |       |     3 |     7 |    25 |     2 ||    37
       Olgreb's Toxic Ra |       |     3 |    22 |    33 |    35 ||    93
       Venom Bolt        |       |       |     5 |    18 |    12 ||    35
       Dazzling Spray    |       |       |       |    36 |    56 ||    92
       Searing Ray       |       |       |       |     8 |       ||     8
       Fulminant Prism   |       |       |       |       |    10 ||    10
       Blink             |       |       |       |       |     1 ||     1
Invok: Bend Time         |       |       |       |     2 |       ||     2
       Slouch            |       |       |       |     3 |     1 ||     4
 Abil: Spit Poison       |    14 |    23 |    59 |    41 |    46 ||   183
Evoke: Wand              |       |    10 |    10 |    16 |     3 ||    39
       Lamp of fire      |       |       |       |       |     1 ||     1
  Use: Scroll            |     2 |     2 |     8 |     5 |     9 ||    26
       Potion            |       |     6 |     3 |     2 |     4 ||    15
 Stab: Sleeping          |       |     1 |     1 |    18 |    10 ||    30
       Distracted        |       |       |     1 |     1 |     2 ||     4
       Confused          |       |       |     2 |    13 |     1 ||    16
       Invisible         |       |       |       |     5 |    17 ||    22
  Eat: Chunk             |     2 |     6 |    19 |    23 |    12 ||    62
       Fruit             |       |       |     1 |       |     1 ||     2
       Royal jelly       |       |       |       |     1 |       ||     1
Armor: Robe              |    21 |    18 |    86 |       |     6 ||   131
       Ring mail         |       |       |    10 |   118 |     1 ||   129
       Leather armour    |       |       |       |       |    40 ||    40
Dodge: Dodged            |    31 |    51 |   137 |   134 |    44 ||   397
Block: Shield            |       |       |       |    55 |    19 ||    74
       Buckler           |       |       |       |       |    56 ||    56
